 Dungeon Crawl Stone Soup version 0.17.1-3-g152610e (webtiles) character file.

31156 HEYYEYAAE the Nimble (level 13, 0/72 HPs)
             Began as a Spriggan Fighter on Apr 28, 2016.
             Was a High Priest of Nemelex Xobeh.
             Slain by a komodo dragon (28 damage)
             ... on level 2 of the Lair of Beasts.
             The game lasted 01:05:18 (19407 turns).

HEYYEYAAE the Nimble (Spriggan Fighter)            Turns: 19407, Time: 01:05:18

Health: 0/72       AC:  5    Str: 16    XL:     13   Next: 24%
Magic:  35/35      EV: 28    Int:  9    God:    Nemelex Xobeh [*****.]
Gold:   269        SH:  9    Dex: 17    Spells: 1 memorised, 23 levels left

rFire  . . .     SeeInvis +     G - +3 hand axe (venom)
rCold  . . .     Clarity  .     f - +0 troll leather armour
rNeg   . . .     SustAt   .     b - +1 buckler
rPois  .         Gourm    .     (helmet restricted)
rElec  .         Spirit   .     (no cloak)
rCorr  .         Warding  .     (gloves unavailable)
rMut   .         Stasis   .     (boots unavailable)
MR     ++...                    v - amulet of regeneration
Stlth  +.........               N - ring of magical power
                                k - +1 ring of evasion

@: very quick, very resistant to hostile enchantments, very unstealthy
A: unfitting armour, see invisible, herbivore 3, speed 3, slow metabolism 2
a: Triple Draw, Deal Four, Stack Five, Renounce Religion


You were on level 2 of the Lair of Beasts.
You worshipped Nemelex Xobeh.
Nemelex Xobeh was extremely pleased with you.
You were not hungry.

You visited 4 branches of the dungeon, and saw 18 of its levels.
You also visited: Sewer and Volcano.

You collected 1972 gold pieces.
You spent 1703 gold pieces at shops.

Inventory:

Hand Weapons
 q - a +4 flail of holy wrath
 C - a +0 dagger of draining
 F - a +2 flail of protection
 G - a +3 hand axe of venom (weapon)
Missiles
 g - 286 arrows
 m - 15 poisoned arrows
 A - 10 arrows of flame
Armour
 b - a +1 buckler (worn)
 f - a +0 troll leather armour (worn)
 s - a +2 robe of fire resistance
 S - a +0 robe of the Archmagi
 T - a +0 robe of magic resistance
Jewellery
 k - a +1 ring of evasion (left hand)
 u - an uncursed ring of fire
 v - an amulet of regeneration (around neck)
 D - an uncursed amulet of resist mutation
 M - a cursed amulet of inaccuracy {unknown}
 N - a ring of magical power (right hand)
Wands
 i - a wand of digging (0)
 n - a wand of hasting (3)
 t - a wand of paralysis (0)
 H - a wand of teleportation (1)
Scrolls
 a - a scroll of vulnerability
 c - 6 scrolls of identify
 j - 2 scrolls of magic mapping
 l - a scroll of enchant armour
 o - 4 scrolls of teleportation
 x - 4 scrolls of remove curse
 E - 2 scrolls of blinking
 J - a scroll of enchant weapon
 L - a scroll of acquirement {unknown}
 Q - 3 scrolls of fog
Potions
 e - 4 potions of flight
 p - a potion of berserk rage
 w - a potion of haste
 z - 3 potions of brilliance
 K - 2 potions of ambrosia
 P - 2 potions of curing
 R - 3 potions of magic
 U - a potion of poison {unknown}
Books
 y - a book of Dreams

   Spells                             Type                      Level
   a - Ensorcelled Hibernation        Hexes/Ice                    2
   b - Phase Shift                    Translocation                5
   c - Shadow Creatures               Summoning                    5
   d - Silence                        Hexes/Air                    5
   e - Darkness                       Hexes                        6
   f - Mass Confusion                 Hexes                        6
 B - a book of Transfigurations

   Spells                             Type                      Level
   a - Stoneskin                      Transmutation/Earth          2
   b - Irradiate                      Conjuration/Transmutation    5
   c - Statue Form                    Transmutation/Earth          6
   d - Hydra Form                     Transmutation                6
   e - Dragon Form                    Transmutation                7
Miscellaneous
 h - a plain deck of escape
 r - a plain deck of escape {drawn: 1}
 I - a crystal ball of energy
Comestibles
 d - 7 bread rations


   Skills:
 * Level 9.8 Fighting
 + Level 5.9 Armour
 + Level 12.1 Dodging
 + Level 6.5 Shields
 + Level 6.6 Unarmed Combat
 + Level 8.8 Spellcasting
 + Level 8.2 Transmutations
 + Level 9.9 Evocations


You had 23 spell levels left.
You knew the following spells:

 Your Spells              Type           Power        Failure   Level  Hunger
a - Statue Form           Trmt/Erth      ##.......    100%        6    #######


Dungeon Overview and Level Annotations

Branches:
Dungeon (11/15)            Temple (1/1) D:5            Lair (2/8) D:11
    Orc (4/4) D:11            Elf (0/3) Orc:4

Altars:
Ashenzari
Cheibriados
Dithmenos
Elyvilon
Fedhas
Kikubaaqudgha
Makhleb
Nemelex Xobeh
Okawaru
Qazlal
Ru
Sif Muna
Trog
Vehumet
Xom
Yredelemnul
Zin
The Shining One
Beogh

Shops:
D:5 *   Orc:4 !??%

Annotations:
D:3 Grinder
D:4 Menkaure, Natasha
D:8 Erica; Erolcha; Psyche; pragmatic's ghost, novice GrBe
D:10 exclusion: ice statue
Orc:1 Gastronok


Innate Abilities, Weirdness & Mutations

You are tiny and cannot use many weapons and most armour.
You have supernaturally acute eyesight.
You are a herbivore.
You cover ground extremely quickly.
You need consume almost no food.


Message History

You hit the komodo dragon but do no damage.
You kill the river rat!
You block the river rat's attack. The komodo dragon closely misses you.
You block the river rat's attack.
You hit the river rat but do no damage.
The river rat looks even sicker.
The river rat is lightly wounded.
You hit the komodo dragon but do no damage.
The komodo dragon is poisoned.
The river rat bites the fungus.
The komodo dragon bites you!!
The river rat bites the fungus!
Unknown command.
You hit the river rat.
The river rat is heavily wounded.
You hit the river rat.
The river rat is lightly wounded.
You hit the komodo dragon but do no damage.
The komodo dragon looks even sicker.
The komodo dragon bites you!! The river rat completely misses you.
You block the river rat's attack.
The river rat bites the fungus.
The komodo dragon bites you!!
You die...
Your body glows with a rainbow of weird colours and disappears.

##..+...#.# ##
##..P#.##.# .l
#.........# ### #..
#.........######P###P.
##.........(..........
#.................#
#†#†#...........P#
#..###..##.##...##
#.## #..######@r##
#†.# #.##


#rlP# ##.## #.# #.rr....... #P..###. ##r........ ##†..#.. .......... #..###
....#..#... ##...# .....#### .. #...## ....... . ###..# ........ You could see 2
komodo dragons and 5 river rats.

Vanquished Creatures
  Maud (Orc:4)
  3 orc warlords
  A hydra (Lair:2)
  The ghost of inmateoo the Spear-Bearer, a novice MiAM of Yredelemnul (D:10)
  3 orc high priests (Orc:4)
  Sonja (Orc:4)
  2 hill giants
  2 orc knights
  A cyclops (D:11)
  A salamander (Orc:2)
  3 toenail golems (Volcano)
  Joseph (D:7)
  A spiny frog (Lair:1)
  5 two-headed ogres
  5 trolls
  A boulder beetle (Orc:4)
  A tarantella (Orc:4)
  22 yaks
  5 wargs
  A hungry ghost (D:10)
  2 hippogriffs
  6 humans (Volcano)
  Edmund (D:3)
  2 sky beasts (D:9)
  5 wolves (Lair:1)
  32 orc warriors
  A water moccasin (Lair:2)
  2 phantoms
  A necrophage (D:6)
  11 centaurs
  8 ogres
  4 big kobolds
  5 giant frogs
  A wyvern skeleton (D:9)
  6 scorpions
  5 wights (D:8)
  2 killer bees (D:9)
  A jelly (D:9)
  4 crimson imps
  8 hounds
  A gnoll shaman (D:9)
  A giant frog zombie (D:6)
  2 centaur skeletons (D:10)
  25 orc wizards
  34 orc priests
  Jessica (D:3)
  4 iguanas
  5 worker ants
  2 killer bee zombies (D:9)
  6 sheep (Lair:1)
  A hound zombie (D:11)
  A hound skeleton (D:8)
  10 gnolls
  A worker ant zombie (D:6)
  7 adders
  3 river rats
  2 shadow imps
  An ooze (D:3)
  An adder zombie (D:5)
  A worm (D:4)
  An adder skeleton (D:4)
  6 giant geckos
  190 orcs
  2 bats
  7 giant cockroaches
  6 hobgoblins
  9 jackals
  28 kobolds
  4 quokkas
  3 giant newts
  5 goblins
  A quokka zombie (D:5)
  16 rats
  A fungus (Lair:2)
  A plant (Lair:2)
557 creatures vanquished.

Vanquished Creatures (collateral kills)
  An orc warlord (Orc:4)
  A black mamba (Lair:2)
  A troll (Orc:3)
  A two-headed ogre (Lair:2)
  3 yaks (Lair:1)
  2 ogres
  A crocodile (Lair:2)
  A giant frog (D:9)
  A wyvern zombie (D:9)
  A scorpion (D:9)
  2 killer bees (D:9)
  7 orc priests
  2 orc wizards (Orc:3)
  A centaur skeleton (D:9)
  10 orcs
35 creatures vanquished.

Vanquished Creatures (others)
  A scorpion (Orc:4)
  A hound (Orc:4)
  An ooze (Orc:4)
  An orc (Orc:1)
  A fungus (Lair:2)
  2 plants
7 creatures vanquished.

Grand Total: 599 creatures vanquished

Notes
Turn   | Place    | Note
--------------------------------------------------------------
     0 | D:1      | HEYYEYAAE the Spriggan Fighter began the quest for the Orb.
     0 | D:1      | Reached XP level 1. HP: 11/11 MP: 2/2
   363 | D:1      | Reached XP level 2. HP: 16/16 MP: 3/3
  1445 | D:2      | Reached XP level 3. HP: 16/19 MP: 4/4
  1469 | D:2      | Found a deep blue altar of Sif Muna.
  2046 | D:3      | Found a faded altar to an unknown god.
  2102 | D:3      | Reached skill level 1 in Evocations
  2142 | D:3      | Found a glowing drain.
  2146 | Sewer    | Entered a sewer
  2152 | Sewer    | Reached skill level 5 in Dodging
  2161 | Sewer    | Reached XP level 4. HP: 10/24 MP: 5/5
  2366 | Sewer    | Noticed a big kobold
  2407 | Sewer    | Killed a big kobold
  2407 | Sewer    | Reached XP level 5. HP: 25/28 MP: 5/7
  2426 | Sewer    | Found a white marble altar of Elyvilon.
  2758 | D:3      | Reached skill level 1 in Armour
  2928 | D:3      | Noticed Jessica
  2934 | D:3      | Killed Jessica
  3023 | D:3      | Noticed Grinder
  3037 | D:3      | Paralysed by Grinder for 2 turns
  3564 | D:3      | Reached XP level 6. HP: 19/32 MP: 8/8
  3882 | D:4      | Noticed Edmund
  4370 | D:3      | Killed Edmund
  4370 | D:3      | Reached skill level 1 in Spellcasting
  4557 | D:4      | Reached skill level 6 in Dodging
  4567 | D:4      | Reached XP level 7. HP: 26/37 MP: 10/10
  4673 | D:4      | Noticed Natasha
  4690 | D:5      | Entered Level 5 of the Dungeon
  4690 | D:5      | Found Zin's Purification Station.
  4690 | D:5      | Found a glowing silver altar of Zin.
  4801 | D:5      | Found a staircase to the Ecumenical Temple.
  4813 | Temple   | Entered the Ecumenical Temple
  4879 | Temple   | Became a worshipper of Nemelex Xobeh the Trickster
  4933 | D:5      | Received a gift from Nemelex Xobeh
  5182 | D:5      | Found a sacrificial altar of Ru.
  5404 | D:4      | Noticed Menkaure
  5738 | D:5      | Found a snail-covered altar of Cheibriados.
  6223 | D:5      | Reached XP level 8. HP: 22/42 MP: 13/13
  6380 | D:6      | Reached * piety under Nemelex Xobeh
  6582 | D:6      | Noticed a red ugly thing
  6586 | D:6      | Reached skill level 7 in Dodging
  6948 | D:6      | Reached skill level 5 in Fighting
  7580 | D:7      | Found a stormy altar of Qazlal.
  7592 | D:7      | Found a blossoming altar of Fedhas.
  7661 | D:7      | Noticed Joseph
  7685 | D:7      | Killed Joseph
  7685 | D:7      | Reached skill level 8 in Dodging
  7685 | D:7      | Reached XP level 9. HP: 36/47 MP: 16/16
  7790 | D:7      | Reached skill level 5 in Evocations
  7914 | D:7      | Received a gift from Nemelex Xobeh
  8295 | D:8      | Reached skill level 5 in Spellcasting
  8400 | D:8      | Learned a level 6 spell: Statue Form
  8569 | D:9      | Reached skill level 1 in Transmutations
  8644 | D:9      | Reached ** piety under Nemelex Xobeh
  8700 | D:9      | Received a gift from Nemelex Xobeh
  9005 | D:8      | Noticed Psyche
  9005 | D:8      | Noticed Erica
  9044 | D:9      | Reached XP level 10. HP: 27/53 MP: 19/19
  9656 | D:9      | Reached skill level 9 in Dodging
  9975 | D:8      | Noticed Erolcha
  9996 | D:8      | Found an iron altar of Okawaru.
 10037 | D:8      | Noticed pragmatic's ghost (novice GrBe)
 10444 | D:10     | Entered Level 10 of the Dungeon
 10610 | D:10     | Noticed a hill giant
 10648 | D:10     | Killed a hill giant
 10648 | D:10     | Reached skill level 5 in Unarmed Combat
 10674 | D:10     | Found a white marble altar of Elyvilon.
 10734 | D:10     | Noticed inmateoo's ghost (novice MiAM)
 10830 | D:10     | Received a gift from Nemelex Xobeh
 10915 | D:10     | Killed inmateoo's ghost
 11202 | D:10     | Noticed a hill giant
 11278 | D:11     | Noticed a hill giant
 11440 | D:11     | Noticed a brown ugly thing
 11748 | D:11     | Noticed a manticore
 11834 | D:11     | Received a gift from Nemelex Xobeh
 11858 | D:11     | Found an ancient bone altar of Kikubaaqudgha.
 11881 | D:11     | Noticed a cyclops
 11900 | D:11     | Killed a cyclops
 11900 | D:11     | Reached XP level 11. HP: 58/58 MP: 21/21
 11942 | D:11     | Reached *** piety under Nemelex Xobeh
 12003 | D:11     | Killed a hill giant
 12003 | D:11     | Reached skill level 10 in Dodging
 12052 | D:11     | Found a roughly hewn altar of Beogh.
 12052 | D:11     | Found a staircase to the Orcish Mines.
 12266 | D:11     | Reached skill level 5 in Transmutations
 12312 | Orc:1    | Entered Level 1 of the Orcish Mines
 12714 | Orc:2    | Reached skill level 5 in Shields
 12969 | Orc:2    | Found a bloodstained altar of Trog.
 13167 | Orc:3    | Noticed an orc warlord
 13193 | Orc:2    | Killed an orc warlord
 13407 | Orc:2    | Received a gift from Nemelex Xobeh
 13508 | Orc:3    | Found a dark tunnel.
 13517 | Volcano  | Entered a volcano
 13988 | Orc:3    | Received a gift from Nemelex Xobeh
 13993 | Orc:3    | Reached **** piety under Nemelex Xobeh
 14176 | Orc:3    | Found a roughly hewn altar of Beogh.
 14692 | Orc:2    | Reached skill level 5 in Armour
 14692 | Orc:2    | Reached skill level 11 in Dodging
 14899 | Orc:1    | Noticed Gastronok
 14981 | Orc:4    | Entered Level 4 of the Orcish Mines
 15300 | Orc:4    | Found Nuxaer's Food Boutique.
 15341 | Orc:4    | Reached XP level 12. HP: 56/65 MP: 24/24
 15355 | Orc:4    | Noticed an orc high priest
 15358 | Orc:4    | Found Pecopsit's Magic Scroll Shop.
 15624 | Orc:4    | Killed an orc high priest
 15631 | Orc:4    | Bought a scroll of fear for 56 gold pieces
 15631 | Orc:4    | Bought 3 scrolls of teleportation for 144 gold pieces
 15631 | Orc:4    | Bought a scroll of identify for 32 gold pieces
 15631 | Orc:4    | Bought a scroll of identify for 32 gold pieces
 15631 | Orc:4    | Bought a scroll of identify for 32 gold pieces
 15641 | Orc:4    | Bought a slice of pizza for 16 gold pieces
 15641 | Orc:4    | Bought a slice of pizza for 16 gold pieces
 15652 | Orc:4    | Noticed Sonja
 15695 | Orc:4    | Killed Sonja
 15808 | Orc:4    | Received a gift from Nemelex Xobeh
 15830 | Orc:4    | Noticed an orc warlord
 15939 | Orc:3    | HP: 3/65 [orc warlord/long sword (28)]
 15988 | Orc:3    | Killed an orc warlord
 16524 | Orc:4    | Reached ***** piety under Nemelex Xobeh
 16748 | Orc:4    | Found a staircase to the Elven Halls.
 16840 | Orc:4    | Noticed Maud
 16860 | Orc:4    | Killed Maud
 16941 | Orc:4    | Noticed an orc warlord
 16969 | Orc:4    | Killed an orc warlord
 17077 | Orc:4    | Noticed an orc high priest
 17081 | Orc:4    | Found Zahattir's Magic Scroll Shoppe.
 17184 | Orc:4    | Killed an orc high priest
 17217 | Orc:4    | Bought a scroll of fog for 28 gold pieces
 17217 | Orc:4    | Bought a scroll of teleportation for 42 gold pieces
 17217 | Orc:4    | Bought a scroll of fog for 28 gold pieces
 17217 | Orc:4    | Bought a scroll of recharging for 133 gold pieces
 17243 | Orc:4    | Noticed an orc high priest
 17318 | Orc:4    | Found Duta's Distillery.
 17329 | Orc:4    | Killed an orc high priest
 17336 | Orc:4    | Bought a potion of haste for 140 gold pieces
 17336 | Orc:4    | Bought a potion of beneficial mutation for 490 gold pieces
 17336 | Orc:4    | Bought 2 potions of curing for 84 gold pieces
 17352 | Orc:4    | Noticed an orc high priest
 17386 | Orc:4    | Received a gift from Nemelex Xobeh
 17446 | Orc:4    | Bought a scroll of enchant weapon for 120 gold pieces
 17446 | Orc:4    | Bought a scroll of identify for 32 gold pieces
 17446 | Orc:4    | Bought a scroll of identify for 32 gold pieces
 17446 | Orc:4    | Bought a scroll of identify for 32 gold pieces
 17446 | Orc:4    | Bought a scroll of identify for 32 gold pieces
 17487 | Orc:4    | Found a roughly hewn altar of Beogh.
 17488 | Orc:4    | Noticed an orc warlord
 17545 | Orc:4    | Killed an orc warlord
 17618 | Orc:4    | Bought a scroll of identify for 28 gold pieces
 17618 | Orc:4    | Bought a scroll of enchant weapon for 105 gold pieces
 17618 | Orc:4    | Bought a scroll of magic mapping for 49 gold pieces
 17833 | D:11     | Found a staircase to the Lair.
 17869 | D:11     | Reached skill level 12 in Dodging
 18098 | D:11     | Reached XP level 13. HP: 67/70 MP: 26/26
 18458 | D:11     | HP: 1/70 [yak (10)]
 18482 | Lair:1   | Entered Level 1 of the Lair of Beasts
 18683 | Lair:1   | Received a gift from Nemelex Xobeh
 18980 | Lair:1   | Received a gift from Nemelex Xobeh
 19407 | Lair:2   | Slain by a komodo dragon

Action                   |  1- 3 |  4- 6 |  7- 9 | 10-12 | 13-15 || total
-------------------------+-------+-------+-------+-------+-------++-------
Melee: Unarmed           |    20 |       |       |       |       ||    20
       Dagger            |   132 |   162 |   483 |  1652 |     3 ||  2432
       Flail             |       |       |    54 |    83 |       ||   137
       Hand axe          |       |       |       |   296 |   124 ||   420
Evoke: Wand              |       |       |    13 |    34 |       ||    47
       Deck              |       |       |     8 |    39 |    11 ||    58
  Use: Scroll            |     4 |     2 |    10 |    17 |     2 ||    35
       Potion            |     3 |     2 |     6 |    13 |       ||    24
 Stab: Sleeping          |     1 |     1 |     1 |     4 |       ||     7
       Paralysed         |       |       |     5 |    19 |       ||    24
  Eat: Pizza             |       |     1 |     1 |     2 |       ||     4
       Fruit             |       |       |     7 |       |       ||     7
       Bread ration      |       |       |       |     4 |     1 ||     5
